 Dungeon Crawl Stone Soup version 0.30.0-20-g3615ddf2f0 (webtiles) character file.

Game seed: 4523793288617040648

319 qw the Chopper (level 6, -1/38 HPs)
             Began as a Gargoyle Fighter on May 29, 2023.
             Killed by divine providence
             ... invoked by an orc priest
              (16 damage)
             ... on level 4 of the Dungeon.
             The game lasted 00:01:37 (2870 turns).

qw the Chopper (Gargoyle Fighter)                   Turns: 2870, Time: 00:01:38

Health: -1/38      AC: 19    Str: 22    XL:     6   Next: 46%
Magic:  6/6        EV:  6    Int:  8    God:
Gold:   171        SH:  4    Dex:  9    Spells: 5/5 levels left

rFire   . . .        Y - +1 war axe
rCold   . . .        c - +0 buckler
rNeg    + . .        i - +0 plate armour
rPois   inf          e - +0 helmet
rElec   +            (no cloak)
rCorr   .            p - +1 pair of gloves
SInv    .            (no boots)
Will    +....        (no amulet) Stlth
                     o - ring of willpower
HPRegen 0.26/turn    (no ring)
MPRegen 0.10/turn

%: no passive effects
@: no status effects
A: sickness immunity, AC +4, negative energy resistance 1, electricity
resistance, torment resistance 1, petrification resistance
a: no special abilities


You were on level 4 of the Dungeon.
You visited 1 branch of the dungeon, and saw 4 of its levels.

You collected 171 gold pieces.


Innate Abilities, Weirdness & Mutations

You are immune to sickness and miasma.
Your stone body is resilient. (AC +4)
You are immune to poison.
You resist negative energy. (rN+)
You are resistant to electric shocks. (rElec)
You are resistant to unholy torment.
You are immune to petrification.


   Skills:
 - Level 4.0 Fighting
 + Level 5.7 Axes
 - Level 3.2 Armour
 - Level 3.2 Shields


You had 5 spell levels left.
You didn't know any spells.
Your spell library was empty.

Inventory:

Hand Weapons
 g - the +4 consecrated labrys {holy, Valiant Fragile Fly SInv}
   (You acquired it on level 2 of the Dungeon)

   Valiant:   It becomes more powerful as more dangerous foes come into view.
   SInv:      It lets you see invisible.
   Fly:       It grants you flight.
   Fragile:   It will be destroyed if unequipped.
 k - a +2 hand axe of flaming
 Y - a +1 war axe (weapon)
Armour
 c - a +0 buckler (worn)
 e - a +0 helmet (worn)
 i - a +0 plate armour (worn)
 p - a +1 pair of gloves (worn)
Jewellery
 n - a ring of fire
 o - a ring of willpower (left hand)
Scrolls
 a - a scroll of butterflies {unknown}
 r - a scroll of identify
Potions
 b - a potion of invisibility {unknown}
 d - a potion of might
 f - a potion of curing
 h - a potion of lignification {unknown}
 j - a potion of mutation {unknown}
 l - a potion of heal wounds
 q - a potion of attraction {unknown}

Dungeon Overview and Level Annotations

Branches:
Dungeon (4/15)
 Temple: D:4-7

Altars:

Annotations:
D:2 1 runed translucent door, Crazy Yiuf


Message History

You slash the orc!
You kill the orc!
An orc priest comes into view. It is wielding a +0 war axe.
An orc priest comes into view. It is wielding a +0 mace.
The orc priest shouts! x2; You hear a shout!
Things that are here:
a +0 short sword; an orc corpse
Enter note:
Enter note: The orc hits you but does no damage.
You hit the orc.
The orc is moderately wounded.
You hit the orc. The orc completely misses you.
The orc priest looks satisfied for a moment.
The orc hits you but does no damage.
You slash the orc!
You kill the orc!
You hit the orc.
An orc comes into view. It is wielding a +0 mace.
The orc priest mumbles some strange prayers to Beogh against you.
Pain shoots through your body! The orc hits you but does no damage.
You hit the orc.
The orc is severely wounded.
The orc priest looks braver for a moment.
The orc hits you but does no damage. The orc hits you with a +0 mace.
You barely miss the orc.
The orc is severely wounded.
You closely miss the orc priest. You barely miss the orc priest.
The orc priest calls down the wrath of Beogh upon you.
Beogh smites you!
The orc priest looks encouraged for a moment.
The orc hits you but does no damage.
You slash the orc!
You kill the orc!
You hit the orc priest. x2
You block the orc priest's attack.
The orc priest calls down the wrath of Beogh upon you.
Beogh smites you!
You die...

##...#.....## #.#
#..<##.....####....
#......##.....#....
#.........#........
#####.........#..>.#...
#..................#
#.................##
#............)....#...
####..........@).......
#..........oo...###.
#..........#.......
###.........##..o....#
###...........###......#
#...###......###.#...#..
##...............##..#..
#.........#............
#........###.....#...#


You could see 2 orc priests and an orc.

Vanquished Creatures
  Pargi (D:3)
  An orc priest (D:4)
  A jelly (D:4)
  Jessica (D:2)
  Terence (D:2)
  Robin (D:2)
  An adder (D:4)
  2 dart slugs (D:1)
  6 orcs
  5 bats
  6 endoplasms
  A giant cockroach (D:1)
  10 goblins
  14 hobgoblins
  3 quokkas
  10 ball pythons
  6 frilled lizards
  7 kobolds
  4 rats
81 creatures vanquished.

Notes
Turn   | Place    | Note
-------+----------+-------------------------------------------
     0 | D:1      | qw the Gargoyle Fighter began the quest for the Orb.
     0 | D:1      | Reached XP level 1. HP: 14/14 MP: 1/1
     0 | D:1      | 0 ||| qw: Version: 0.2-a-101-gf424e7f
     0 | D:1      | 0 ||| qw: Game counter: 299
     0 | D:1      | 0 ||| qw: Always use a shield: true
     0 | D:1      | 0 ||| qw: God list: Okawaru
     0 | D:1      | 0 ||| qw: Allow faded altars: false
     0 | D:1      | 0 ||| qw: Do Orc after D:15 true
     0 | D:1      | 0 ||| qw: Do second Lair branch before Depths: true
     0 | D:1      | 0 ||| qw: Lair rune preference: random
     0 | D:1      | 0 ||| qw: Plans: Normal, Zot:1-4, Slime:5, God:TSO, Crypt,
                  | Tomb, Pan, Hells, Abyss, Win
     0 | D:1      | 0 ||| PLANNING D:1-11
    52 | D:1      | Reached skill level 2 in Axes
   147 | D:1      | 147 ||| FLEEEEING.
   148 | D:1      | 148 ||| FLEEEEING.
   149 | D:1      | 149 ||| FLEEEEING.
   150 | D:1      | 150 ||| FLEEEEING.
   151 | D:1      | 151 ||| FLEEEEING.
   152 | D:1      | 152 ||| FLEEEEING.
   153 | D:1      | 153 ||| FLEEEEING.
   154 | D:1      | 154 ||| FLEEEEING.
   176 | D:1      | Reached XP level 2. HP: 19/19 MP: 2/2
   272 | D:1      | Found a faded altar of an unknown god.
   366 | D:1      | 366 ||| Stepping ~*~*~tactically~*~*~ (hiding).
   367 | D:1      | 367 ||| Stepping ~*~*~tactically~*~*~ (hiding).
   375 | D:1      | Reached skill level 3 in Axes
   687 | D:1      | 687 ||| DROPPING +0 club.
   694 | D:1      | Reached XP level 3. HP: 23/23 MP: 3/3
   703 | D:1      | 703 ||| Stepping ~*~*~tactically~*~*~ (stealth).
   707 | D:1      | 707 ||| Stepping ~*~*~tactically~*~*~ (stealth).
   722 | D:1      | 722 ||| Stepping ~*~*~tactically~*~*~ (stealth).
   998 | D:1      | 998 ||| UPGRADING to +0 helmet.
  1003 | D:1      | 1003 ||| UPGRADING to +0 plate armour.
  1013 | D:1      | 1013 ||| DROPPING +0 scale mail.
  1014 | D:1      | 1014 ||| UPGRADING to +1 pair of gloves.
  1019 | D:1      | 1019 ||| UPGRADING to ring of willpower.
  1020 | D:1      | 1020 ||| READING scroll labelled OFISOH ETUSCHE.
  1021 | D:1      | 1021 ||| READING scroll labelled DOCZOTT NESTRUNT.
  1022 | D:1      | 1022 ||| READING scroll labelled XAWERO SIOTAPHEQE.
  1023 | D:1      | 1023 ||| READING scroll labelled TAVVINI UNNAAG.
  1142 | D:2      | Noticed Terence
  1150 | D:2      | Killed Terence
  1151 | D:2      | Reached XP level 4. HP: 25/28 MP: 4/4
  1180 | D:2      | 1180 ||| DROPPING +0 mace.
  1218 | D:2      | Noticed Robin
  1219 | D:2      | 1219 ||| Stepping ~*~*~tactically~*~*~ (hiding).
  1223 | D:2      | 1223 ||| Stepping ~*~*~tactically~*~*~ (hiding).
  1224 | D:2      | 1224 ||| Stepping ~*~*~tactically~*~*~ (hiding).
  1235 | D:2      | Reached skill level 4 in Axes
  1237 | D:2      | Killed Robin
  1242 | D:2      | Noticed Jessica
  1248 | D:2      | Killed Jessica
  1256 | D:2      | Reached XP level 5. HP: 32/32 MP: 5/5
  1421 | D:2      | Found a runed translucent door.
  1422 | D:2      | Noticed Crazy Yiuf
  1654 | D:2      | 1654 ||| DROPPING orb of light.
  1655 | D:2      | 1655 ||| READING scroll labelled OMUEVA JERAIRANGE.
  1656 | D:2      | 1656 ||| READING scroll labelled IQECVIODOKK.
  1656 | D:2      | Identified a scroll of acquirement
  1656 | D:2      | 1656 ||| ACQUIRING +4 consecrated labrys {holy, Valiant
                  | Fragile Fly SInv}
  1656 | D:2      | Acquired the +4 consecrated labrys {holy, Valiant Fragile
                  | Fly SInv}
  1656 | D:2      | Found the +4 consecrated labrys {holy, Valiant Fragile Fly
                  | SInv}
  1658 | D:2      | 1658 ||| READING scroll labelled JIBEYD ANIO.
  1659 | D:2      | 1659 ||| DRINKING 2 murky red potions.
  1660 | D:2      | 1660 ||| DRINKING 2 ruby potions.
  1691 | D:3      | Identified the +7 spear "Killer Klown's Curse" {antimagic,
                  | Int+4}
  1769 | D:3      | 1769 ||| Stepping ~*~*~tactically~*~*~ (stealth).
  1832 | D:3      | 1832 ||| DROPPING +0 flail.
  1847 | D:3      | Noticed Pargi
  1872 | D:3      | Killed Pargi
  1873 | D:3      | Reached skill level 5 in Axes
  1943 | D:3      | Reached XP level 6. HP: 37/37 MP: 6/6
  2689 | D:3      | 2689 ||| READING scroll labelled BAPPEK MOALEV.
  2690 | D:3      | 2690 ||| READING 2 scrolls labelled KIYGE LAUPT.
  2691 | D:3      | 2691 ||| DROPPING scroll of poison.
  2710 | D:4      | 2710 ||| Stepping ~*~*~tactically~*~*~ (hiding).
  2711 | D:4      | 2711 ||| Stepping ~*~*~tactically~*~*~ (hiding).
  2712 | D:4      | 2712 ||| Stepping ~*~*~tactically~*~*~ (hiding).
  2713 | D:4      | 2713 ||| Stepping ~*~*~tactically~*~*~ (hiding).
  2715 | D:4      | 2715 ||| Stepping ~*~*~tactically~*~*~ (hiding).
  2718 | D:4      | 2718 ||| Stepping ~*~*~tactically~*~*~ (stealth).
  2870 | D:4      | Killed from afar by an orc priest

Levels and vault maps discovered:
D:1:      lightli_iron_boxes, layout_loops_ring,
          hellmonk_ecumenical_altar_zigzags, serial_park_tiny_2,
          minmay_pentomino_z4
D:2:      layout_rooms, skrybe_limestone_x, uniq_jessica, uniq_terence,
          uniq_crazy_yiuf_cottage, uniq_robin
D:3:      layout_basic, minivault_27, uniq_pargi
D:4:      layout_cave_pools, eino_small_chamber_without_monster, uniq_menkaure

Skill      XL: |  1  2  3  4  5  6 |
---------------+-------------------+-----
Axes           | 2 3 4 5 |  5.7
Fighting       | 4 |  4.0
Armour         | |  3.2
Shields        | |  3.2

Action                     |  1- 3 |  4- 6 || total
---------------------------+-------+-------++-------
  Melee: War axe           |    82 |   149 ||   231
    Use: Scroll            |     4 |     5 ||     9
         Potion            |       |     2 ||     2
 Armour: Scale mail        |    47 |       ||    47
         Plate armour      |     1 |   105 ||   106
  Dodge: Dodged            |    33 |    68 ||   101
  Block: Buckler           |    12 |    26 ||    38

Table legend:
 A = Non-vault XP
 B = Vault XP
 C = Vault XP percentage of total XP
 D = Non-vault monster count
 E = Vault monster count
 F = Vault count percentage of total count
                 A         B        C        D         E       F
            +---------+---------+-------+---------+---------+-------
      Total |     212 |     248 |  53.9 |      63 |      18 |  22.2
            +---------+---------+-------+---------+---------+-------
        D:1 |      44 |       4 |   8.3 |      25 |       3 |  10.7
        D:2 |      17 |     110 |  86.6 |      10 |      14 |  58.3
        D:3 |      36 |     134 |  78.8 |      19 |       1 |   5.0
        D:4 |     115 |       0 |   0.0 |       9 |       0 |   0.0
            +---------+---------+-------+---------+---------+-------
